 Seeded DCSS version 0.30-a0-250-g41c1d76940 (webtiles) character file.

Game seed: 13102143588985963117 (custom seed)

2175 valliere the Ducker (level 9, -23/62 HPs)
             Began as a Djinni Fire Elementalist on Oct 11, 2022.
             Was an Initiate of Gozag.
             Annihilated by an orc knight
             ... wielding a +0 halberd
              (25 damage)
             ... in a bailey on Oct 12, 2022.
             The game lasted 00:30:03 (7078 turns).

valliere the Ducker (Djinni Fire Elementalist)      Turns: 7078, Time: 00:30:05

Health: -23/62     AC: 10    Str: 13    XL:     9   Next: 58%
Gold:   382        EV: 15    Int: 18    God:    Gozag SH:  0 Dex: 21

rFire   + + .      SeeInvis +    B - +2 short sword (venom)
rCold   x . .      Faith    .    (no shield)
rNeg    + . .      Spirit   .    M - +4 Cigotuvi's embrace {rMiasma Drain rN+}
rPois   ∞          Reflect  .    (no helmet)
rElec   +          Harm     .    (no cloak)
rCorr   .          Rampage  .    w - +2 pair of gloves of Unreason {Contam rElec Will++ Dex+4}
Will    +++..                    (boots unavailable)
Stlth   +++.......               (no amulet)
HPRegen 0.30/turn                c - ring of willpower
MPRegen 0.00/turn                e - +6 ring of strength

@: flying, very slightly contaminated
A: sickness immunity, fire resistance 2, cold vulnerability 1, float, innate
caster, HP casting, extra vitality 1, see invisible, deterioration 1
a: Renounce Religion, Potion Petition, Call Merchant, Bribe Branch


You were in a bailey.
You worshipped Gozag.
Gozag was aware of your devotion.
You visited 2 branches of the dungeon, and saw 8 of its levels.
You also visited: Ossuary and Bailey.

You collected 1293 gold pieces.
You spent 842 gold pieces at shops.
You paid 69 gold pieces to Gozag.

Inventory:

Hand Weapons
 b - a +0 dagger
 o - a +2 vampiric dagger
 B - a +2 short sword of venom (weapon)
Armour
 a - a +0 robe
 g - a +0 leather armour
 h - a +0 buckler
 w - the +2 pair of gloves of Unreason (worn) {Contam rElec Will++ Dex+4}
   (You bought it in a shop on level 4 of the Dungeon)

   Dex:       It affects your dexterity (+4).
   rElec:     It insulates you from electricity.
   Contam:    It causes magical contamination when unequipped.
   Will:      It greatly increases your willpower.
 L - a +2 buckler of fire resistance
 M - the +4 Cigotuvi's embrace (worn) {rMiasma Drain rN+}
   (You bought it in a shop on level 1 of the Dungeon)

   It gathers nearby corpses to temporarily increase the armour it provides.
   It protects you from foul pestilence.
   rN:        It protects you from negative energy.
   Drain:     It drains your maximum health when unequipped.
Jewellery
 c - a ring of willpower (left hand)
 e - a +6 ring of strength (right hand)
 l - a +4 ring of protection
Wands
 p - a wand of acid (7)
 u - a wand of paralysis (22)
Scrolls
 d - a scroll of identify
 i - 3 scrolls of teleportation
 j - 2 scrolls of blinking
 k - a scroll of immolation {unknown}
 m - 3 scrolls of vulnerability
 r - 3 scrolls of poison {unknown}
 t - 2 scrolls of enchant weapon {unknown}
 x - a scroll of amnesia {unknown}
 y - 3 scrolls of fog
 A - 2 scrolls of fear {unknown}
 C - a scroll of silence {unknown}
 G - a scroll of brand weapon {unknown}
 K - 2 scrolls of enchant armour {unknown}
Potions
 f - 4 potions of curing
 n - a potion of ambrosia {unknown}
 q - 2 potions of lignification {unknown}
 s - 3 potions of might
 v - 2 potions of heal wounds
 z - 2 potions of haste {unknown}
 E - 2 potions of berserk rage
 F - 2 potions of magic
 H - a potion of cancellation {unknown}
 I - 2 potions of degeneration
 J - 3 potions of brilliance {unknown}


   Skills:
 + Level 3.8 Fighting
 + Level 3.4 Long Blades
 + Level 4.1 Armour
 + Level 5.2 Dodging
 + Level 4.0 Stealth
 + Level 4.1 Shields
 * Level 5.2 Spellcasting


You couldn't memorise any spells.
You knew the following spells:

 Your Spells              Type           Power      Damage    Failure   Level
a - Foxfire               Conj/Fire      92%        2x1d8     1%          1
b - Scorch                Fire           46%        2d7       2%          2
c - Kindle Blastsparks    Fire/Tloc/Air  46%        2d13      5%          3
d - Inner Flame           Hex/Fire       23%        N/A       5%          3
e - Flame Wave            Conj/Fire      23%        2d8       19%         4
f - Beastly Appendage     Tmut           46%        N/A       1%          1
g - Passwall              Tmut/Erth      19%        N/A       2%          2
h - Summon Guardian Gole  Hex/Summ       23%        N/A       5%          3
i - Summon Lightning Spi  Summ/Air       23%        N/A       19%         4
Your spell library was empty.

Dungeon Overview and Level Annotations

Branches:
Dungeon (7/15)             Temple (1/1) D:4         Ossuary (visited)
 Bailey (1/1)

Altars:
Ashenzari
Dithmenos
Gozag
Hepliaklqana
Makhleb
Nemelex Xobeh
Okawaru
Ru
Trog
Uskayaw
Wu Jian
Yredelemnul
Zin
The Shining One

Shops:
D:1 *   D:4 [:   D:5 ?

Annotations:
D:5 2 transporters, kd29's ghost, novice GnRe


Innate Abilities, Weirdness & Mutations

You are immune to sickness and miasma.
You are immune to poison.
Your flesh is very heat resistant. (rF++)
You are vulnerable to cold. (rC-)
You float through the air rather than walking.
You learn spells naturally, not from books.
Your magical power is your life essence.
You have superior vitality. (+4 MHP)
You have supernaturally acute eyesight. (SInv)
Your body sometimes deteriorates upon taking damage.


Message History

Casting: Scorch (safe; 2% risk of failure)
Confirm with . or Enter, or press ? or * to list all spells.
Flames lash the orc knight.
The orc knight is burned terribly!
The orc knight is severely wounded.
Casting: Scorch (safe; 2% risk of failure)
Confirm with . or Enter, or press ? or * to list all spells.
Flames lash the orc knight.
The orc knight is burned terribly!
The orc knight is severely wounded.
The orc knight is engulfed in a cloud of scalding steam.
The orc knight hits you from afar with a +0 halberd!
* * * LOW HITPOINT WARNING * * *
Casting: Scorch (safe; 2% risk of failure)
Confirm with . or Enter, or press ? or * to list all spells.
Flames lash the orc knight.
The orc knight is burned terribly!
The orc knight is almost dead.
* * * LOW HITPOINT WARNING * * *
The orc knight is engulfed in a cloud of scalding steam.
The orc knight splashes around in the water.
Casting: Scorch (safe; 2% risk of failure)
Confirm with . or Enter, or press ? or * to list all spells.
You miscast Scorch.
You are very lightly contaminated with residual magic.
Nothing appears to happen.
* * * LOW HITPOINT WARNING * * *
The orc knight hits you from afar with a +0 halberd!
* * * LOW HITPOINT WARNING * * *
Casting: Scorch (safe; 2% risk of failure)
Confirm with . or Enter, or press ? or * to list all spells.
Flames lash the orc knight.
The orc knight is burned terribly!
The orc knight is almost dead.
* * * LOW HITPOINT WARNING * * *
The orc knight is engulfed in a cloud of scalding steam.
The orc knight misses you.
Casting: Scorch (safe; 2% risk of failure)
Confirm with . or Enter, or press ? or * to list all spells.
Flames lash the orc knight but do no damage.
* * * LOW HITPOINT WARNING * * *
The orc knight hits you from afar with a +0 halberd!!
You die...
Your body crumbles into a pile of gold.

########## ##.........
##..~~)~~~~.
##..~~.....~~
##########..~~..###..~
#....@.....~~..## ##..
#.~~~~~o~~~~..##.∩.##.
#.~...)..)...##.....##
#.~.#########'###+####
#.~.## $$$ #.........
#.~..## $ #..≈≈≈≈§≈≈.
#.~~..## #..≈≈$....≈≈
#∩.~~..# #......⌠∩⌠...
##.~~..#+#..≈≈...⌠.§§≈


You could see an orc knight (combustible).

Vanquished Creatures
  A kobold demonologist (D:5)
  An ice beast (D:6)
  4 orc warriors (Bailey)
  A sky beast (D:7)
  A black bear (D:6)
  A centaur (D:6)
  A kobold brigand (D:5)
  A scorpion (D:4)
  5 wights (D:3)
  A howler monkey (D:4)
  2 hounds
  A gnoll bouda (D:6)
  3 jellies
  2 iguanas
  4 orc wizards
  Ijyb (D:3)
  8 mummies (Ossuary)
  6 gnolls (D:6)
  6 adders
  A shadow imp (D:4)
  A white imp (D:6)
  2 ufetubi (D:5)
  4 dart slugs
  47 orcs
  5 ball pythons
  13 endoplasms
  6 giant cockroaches
  A gnoll zombie (Ossuary)
  7 hobgoblins
  9 kobolds
  2 quokkas
  9 bats
  5 frilled lizards
  16 goblins
  A hobgoblin zombie (Ossuary)
  3 kobold zombies (Ossuary)
  3 orc zombies (Ossuary)
  7 rats
192 creatures vanquished.

Vanquished Creatures (others)
  A quokka (D:3)
  743 foxfires
744 creatures vanquished.

Grand Total: 936 creatures vanquished

Notes
Turn   | Place    | Note
-------+----------+-------------------------------------------
     0 | D:1      | valliere the Djinni Fire Elementalist began the quest for
                  | the Orb.
     0 | D:1      | valliere set off with the following spells memorised:
                  | Foxfire, Scorch, Kindle Blastsparks, Inner Flame, Flame
                  | Wave.
     0 | D:1      | Reached XP level 1. HP: 15/15 MP: 0/0
     2 | D:1      | Noticed a ghoul
     4 | D:1      | Noticed a formicid
     6 | D:1      | Noticed a merfolk
     6 | D:1      | Noticed an octopode
     8 | D:1      | Noticed an armataur
     8 | D:1      | Noticed a demigod
    10 | D:1      | Noticed a draconian
    12 | D:1      | Noticed a gargoyle
    12 | D:1      | Noticed a naga
    14 | D:1      | Noticed a tengu
    14 | D:1      | Noticed a felid
    16 | D:1      | Noticed a troll
    16 | D:1      | Noticed a spriggan
    18 | D:1      | Noticed a meteoran
    18 | D:1      | Noticed a minotaur
    20 | D:1      | Noticed an ogre
    20 | D:1      | Noticed a vine stalker
    22 | D:1      | Noticed a human
    22 | D:1      | Noticed a demonspawn
    24 | D:1      | Noticed an elf
    24 | D:1      | Noticed an ogre
    26 | D:1      | Noticed a formicid
    26 | D:1      | Noticed an elf
    75 | D:1      | Upgraded the game from 0.30-a0-242-g7bf8e6d787 to
                  | 0.30-a0-250-g41c1d76940
    88 | D:1      | Reached XP level 2. HP: 17/21 MP: 0/0
   326 | D:1      | Reached XP level 3. HP: 26/26 MP: 0/0
   326 | D:1      | Learned a level 1 spell: Beastly Appendage
   688 | D:1      | Found Haorhuyl's General Store.
   904 | D:2      | Found a faded altar of an unknown god.
  1079 | D:2      | Reached skill level 1 in Shields
  1163 | D:2      | Reached XP level 4. HP: 30/31 MP: 0/0
  1392 | D:2      | Reached skill level 1 in Armour
  1512 | D:2      | Reached skill level 1 in Fighting
  1804 | D:3      | Reached XP level 5. HP: 24/37 MP: 0/0
  1804 | D:3      | Learned a level 2 spell: Passwall
  1918 | D:3      | Noticed Ijyb
  1926 | D:3      | Killed Ijyb
  2097 | D:3      | Reached skill level 1 in Long Blades
  2097 | D:3      | Reached XP level 6. HP: 37/42 MP: 0/0
  2360 | D:3      | Found a burning altar of Makhleb.
  2362 | D:3      | Found a shadowy altar of Dithmenos.
  2364 | D:3      | Found a hazy altar of Hepliaklqana.
  2367 | D:3      | Found a sparkling altar of Nemelex Xobeh.
  2369 | D:3      | Found a hide-covered altar of Uskayaw.
  2372 | D:3      | Found a bloodstained altar of Trog.
  2373 | D:3      | Found a glowing silver altar of Zin.
  2375 | D:3      | Found an iron altar of Okawaru.
  2379 | D:3      | Found an opulent altar of Gozag.
  2380 | D:3      | Found a broken altar of Ashenzari.
  2383 | D:3      | Became a worshipper of Gozag Ym Sagoz the Greedy
  2436 | D:3      | Reached XP level 7. HP: 39/49 MP: 0/0
  2436 | D:3      | Learned a level 3 spell: Summon Guardian Golem
  3024 | D:4      | Found a sacrificial altar of Ru.
  3158 | D:4      | Found a staircase to the Ecumenical Temple.
  3272 | D:4      | Found Muneg's Book Shop.
  3572 | D:4      | Found Oluim's Antique Armour Emporium.
  3577 | D:4      | Bought a pair of scorched gloves for 171 gold pieces
  3577 | D:4      | Identified the +2 pair of gloves of Unreason {Contam rElec
                  | Will++ Dex+4} (You bought it in a shop on level 4 of the
                  | Dungeon)
  3790 | Temple   | Entered the Ecumenical Temple
  3804 | D:5      | Entered Level 5 of the Dungeon
  3915 | D:5      | Noticed a kobold demonologist
  4036 | D:5      | Found a transporter.
  4038 | D:5      | Noticed kd29's ghost (novice GnRe)
  4039 | D:5      | Found a transporter.
  4065 | D:5      | Reached XP level 8. HP: 54/55 MP: 0/0
  4448 | D:5      | Found Ganga's Magic Scroll Emporium.
  4467 | D:5      | Killed a kobold demonologist
  5026 | D:6      | Reached XP level 9. HP: 43/61 MP: 0/0
  5026 | D:6      | Learned a level 4 spell: Summon Lightning Spire
  5147 | D:6      | Found a sand-covered staircase.
  5154 | Ossuary  | Entered an ossuary
  5758 | D:1      | Bought a +2 buckler of fire resistance for 215 gold pieces
  5758 | D:1      | Bought the +4 Cigotuvi's embrace {rMiasma Drain rN+} for
                  | 276 gold pieces
  5758 | D:1      | Found the +4 Cigotuvi's embrace {rMiasma Drain rN+}
  5758 | D:1      | Bought a potion of berserk rage for 50 gold pieces
  5758 | D:1      | Bought a scroll of identify for 20 gold pieces
  5758 | D:1      | Bought a scroll of vulnerability for 40 gold pieces
  5758 | D:1      | Bought a scroll of identify for 20 gold pieces
  5758 | D:1      | Bought a potion of heal wounds for 50 gold pieces
  5761 | D:1      | Gained mutation: You sometimes lose your temper in combat.
                  | [potion of mutation]
  5761 | D:1      | Gained mutation: You have a pair of small antennae on your
                  | head. [potion of mutation]
  5762 | D:1      | Lost mutation: You sometimes lose your temper in combat.
                  | [potion of mutation]
  5762 | D:1      | Lost mutation: You have a pair of small antennae on your
                  | head. [potion of mutation]
  5762 | D:1      | Gained mutation: You have supernaturally acute eyesight.
                  | (SInv) [potion of mutation]
  5762 | D:1      | Gained mutation: Your body sometimes deteriorates upon
                  | taking damage. [potion of mutation]
  6379 | D:7      | Reached skill level 5 in Spellcasting
  6434 | D:7      | Found a flagged portal.
  6451 | Bailey   | Entered a bailey
  6464 | Bailey   | Reached skill level 5 in Dodging
  6983 | Bailey   | Noticed an orc knight
  7078 | Bailey   | Annihilated by an orc knight

Illustrated notes

Levels and vault maps discovered:
D:1:      kb_arrival_jail, layout_basic, serial_shops, shop, st_stairs_2,
          hex_intersection, dreamdust_princess_bridge, minmay_box_of_dots
D:2:      cheibrodos_greedy_goblins, layout_basic,
          dreamdust_ecumenical_altar_grove
D:3:      layout_basic, nicolae_overflow_hallway_of_the_gods, uniq_ijyb
D:4:      layout_rooms, lemuel_tele_altar, minmay_temple_entry_purple_smoke,
          serial_shops, nicolae_shop_hallway_plus, shop,
          serial_co_window_serial, co_window_paths_a, co_window_corner_a,
          co_window_paths_b, co_window_paths_a, co_window_corner_a,
          co_window_paths_b, co_window_corner_a, co_window_unsneaky_path_e,
          co_window_broadway_c, co_window_cross_2, co_window_2corner,
          glass_columns_c, glass_columns_c, glass_columns_c
D:5:      layout_loops_ring, gammafunk_ghost_mausoleum, serial_shops, shop
D:6:      layout_basic, chequers_ossuary_entry_cave, minivault_5
D:7:      layout_cave_pools, enter_bailey_3, gammafunk_ghost_abyssal_escape,
          uniq_crazy_yiuf_cottage
Temple:   nicolae_temple_bog_church
Bailey:   bailey_polearm_1, bailey

Skill      XL: |  1  2  3  4  5  6  7  8  9 |
---------------+----------------------------+-----
Shields        | 1 2 3 4 |  4.1
Armour         | 1 2 3 4 |  4.1
Fighting       | 1 2 3 |  3.8
Stealth        | 2 3 4 |  4.0
Spellcasting   | 3 4 5 |  5.2
Dodging        | 3 4 5 |  5.2
Long Blades    | 1 2 3 |  3.4

Action                   |  1- 3 |  4- 6 |  7- 9 || total
-------------------------+-------+-------+-------++-------
Melee: Dagger            |    10 |    25 |     1 ||    36
       Unarmed           |     1 |       |       ||     1
       Short sword       |       |       |     4 ||     4
 Cast: Foxfire           |    58 |    87 |   275 ||   420
       Kindle Blastspark |       |     5 |    13 ||    18
       Scorch            |       |       |    78 ||    78
       Passwall          |       |       |     4 ||     4
       Flame Wave        |       |       |     1 ||     1
  Use: Scroll            |       |       |     9 ||     9
       Potion            |       |       |     2 ||     2
 Stab: Sleeping          |     1 |     2 |       ||     3
Armor: Leather armour    |     7 |     4 |     7 ||    18
Dodge: Dodged            |     4 |    29 |    48 ||    81

Table legend: (Time is in decaauts)
 A = Elapsed time spent in this place.
 B = Non-inter-level travel time spent in this place.
 C = Inter-level travel time spent in this place.
 D = Time resting spent in this place.
 E = Time spent auto-exploring this place.
 F = Levels seen in this place.
 G = Mean time per level.
                   A        B        C        D        E       F      G
               +--------+--------+--------+--------+--------+-----+--------+
         Total |   7078 |   6573 |    505 |    155 |   4884 |  10 |  707.8 |
       Dungeon |   6144 |   5639 |    505 |    155 |   4234 |   7 |  877.7 |
        Temple |      1 |      1 |      0 |      0 |      0 |   1 |    1.0 |
       Ossuary |    305 |    305 |      0 |      0 |    219 |   1 |  305.0 |
        Bailey |    626 |    626 |      0 |      0 |    431 |   1 |  626.0 |
               +--------+--------+--------+--------+--------+-----+--------+

Top non-repeatable levels by time:
     D:4: 1230 daAuts
     D:2: 1047 daAuts
     D:5: 986 daAuts
     D:3: 958 daAuts
     D:1: 917 daAuts
     D:6: 906 daAuts
  Bailey: 626 daAuts
 Ossuary: 305 daAuts
     D:7: 97 daAuts
  Temple: 1 daAuts
